 Dungeon Crawl Stone Soup version 0.28-a0-863-g8cecda6153 (webtiles) character file.

Game seed: 2580883627431673759

74 siradein the Skirmisher (level 4, -7/41 HPs)
             Began as a Hill Orc Fighter on Nov 17, 2021.
             Mangled by Sigmund (10 damage)
             ... on level 3 of the Dungeon.
             The game lasted 00:02:36 (2194 turns).

siradein the Skirmisher (Hill Orc Fighter)          Turns: 2194, Time: 00:02:37

Health: -7/41      AC:  8    Str: 18    XL:     4   Next: 28%
Magic:  4/4        EV:  9    Int:  8    God:
Gold:   165        SH:  4    Dex: 11    Spells: 3/3 levels left

rFire   . . .      SeeInvis .   a - +0 war axe
rCold   . . .      Faith    .   c - +0 buckler
rNeg    . . .      Spirit   .   b - +0 scale mail
rPois   .          Reflect  .   (no helmet)
rElec   .          Harm     .   (no cloak)
rCorr   .          Rampage  .   h - +0 pair of gloves
Will    .....                   (no boots)
Stlth   ..........              (no amulet)
HPRegen 0.13/turn               (no ring)
MPRegen 0.09/turn               (no ring)

@: no status effects
A: no striking features
a: no special abilities


You were on level 3 of the Dungeon.
You visited 1 branch of the dungeon, and saw 3 of its levels.

You collected 165 gold pieces.

Inventory:

Hand Weapons
 a - a +0 war axe (weapon)
Armour
 b - a +0 scale mail (worn)
 c - a +0 buckler (worn)
 h - a +0 pair of gloves (worn)
Wands
 k - a wand of acid (7)
Scrolls
 e - 2 scrolls of identify {unknown}
 g - a scroll of magic mapping {unknown}
 i - a scroll of enchant armour {unknown}
 j - a scroll of teleportation {unknown}
Potions
 d - a potion of might
 f - a potion of curing {unknown}


   Skills:
 + Level 4.3 Fighting
 + Level 3.7 Axes
 + Level 3.9 Armour
 + Level 3.9 Shields


You had 3 spell levels left.
You didn't know any spells.
Your spell library contained the following spells:

 Spells                   Type           Power      Damage    Failure   Level
 Ozocubu's Armour         Ice            0%         N/A       99%         3
 Ozocubu's Refrigeration  Ice            0%         4d5       100%        7


Dungeon Overview and Level Annotations

Branches:
Dungeon (3/15)

Altars:

Annotations:
D:3 Sigmund


Message History

You kill the orc!
The hobgoblin hits you.
You hit the hobgoblin.
The hobgoblin is severely wounded.
Something hits you but does no damage. The hobgoblin barely misses you.
You hit the hobgoblin but do no damage.
The hobgoblin is severely wounded.
Something hits you. The hobgoblin closely misses you.
Your scale mail prevents you from hitting the hobgoblin.
The hobgoblin is severely wounded.
The hobgoblin hits you but does no damage.
You block something's attack. The hobgoblin barely misses you.
You hit the hobgoblin.
You kill the hobgoblin!
A magic dart appears from out of thin air!
The magic dart hits you. Something hits you!
Items here: )) ††.
You closely miss something. Something hits you but does no damage.
You slash something! Something hits you.
You miss something. You closely miss something.
You hear some strange, mumbled words.
A magic dart appears from out of thin air!
The magic dart hits you. Something hits you!
* * * LOW HITPOINT WARNING * * *
You are too injured to fight recklessly!
You closely miss something. Something hits you.
* * * LOW HITPOINT WARNING * * *
You slash something! You hit something. Something hits you!
* * * LOW HITPOINT WARNING * * *
You hit something.
You hear some strange, mumbled words.
Something tries to affect you, but you resist.
You closely miss something.
You hear some strange, mumbled words.
Something tries to affect you, but you resist.
Something hits you!
You die...

.# #.##...# #<#.#..#.#
#. .# #.###..# #.#
#..#.# #. .# #.# #..#
#.# #..#.# ## #.# ##.##
#.#.#..#.# #.# #..#
#.#.#..#.# #.#
#..###.#.#..#.# .
#......#.#..#.####
....####.###.#.#........
....oS{@.....#.#[##.....
.....####.#..#.#.#######
... #.........#........
. #.......###########
#..#...............
#..#.#..###########
#..#.#..# #..#.#..#
#..#.#..#


You could see an adder and an orc.

Vanquished Creatures
  3 adders (D:2)
  A dart slug (D:1)
  2 orcs (D:3)
  4 endoplasms
  3 giant cockroaches
  4 goblins
  3 hobgoblins
  2 kobolds (D:1)
  3 quokkas
  2 ball pythons
  3 bats (D:1)
  6 frilled lizards
  4 rats
40 creatures vanquished.

Vanquished Creatures (others)
  3 fungi (D:2)
  2 plants (D:2)
5 creatures vanquished.

Grand Total: 45 creatures vanquished

Notes
Turn   | Place    | Note
-------+----------+-------------------------------------------
     0 | D:1      | siradein the Hill Orc Fighter began the quest for the Orb.
     0 | D:1      | Reached XP level 1. HP: 19/19 MP: 1/1
   135 | D:1      | Reached XP level 2. HP: 27/27 MP: 2/2
   417 | D:1      | Reached skill level 4 in Fighting
   625 | D:2      | Reached XP level 3. HP: 25/33 MP: 3/3
  1187 | D:2      | Reached XP level 4. HP: 35/40 MP: 4/4
  1834 | D:2      | Found a faded altar of an unknown god.
  2173 | D:3      | Noticed Sigmund
  2192 | D:3      | HP: 2/41 [something (7)]
  2194 | D:3      | Mangled by Sigmund

Illustrated notes

Levels and vault maps discovered:
D:1:      amcnicky_arrival_underground_garden, layout_basic
D:2:      layout_basic, dreamdust_ecumenical_altar_hidden_monk_grotto
D:3:      layout_basic, gammafunk_ghost_cemetery, uniq_sigmund

Skill      XL: |  1  2 |
---------------+-------+-----
Axes           | 3 |  3.7
Fighting       | 4 |  4.3
Armour         | |  3.9
Shields        | |  3.9

Action                   |  1- 3 |  4- 6 || total
-------------------------+-------+-------++-------
Melee: War axe           |   104 |    42 ||   146
Armor: Scale mail        |    59 |    20 ||    79
Dodge: Dodged            |    53 |    15 ||    68
Block: Buckler           |    27 |     6 ||    33

Table legend: (Time is in decaauts)
 A = Elapsed time spent in this place.
 B = Non-inter-level travel time spent in this place.
 C = Inter-level travel time spent in this place.
 D = Time resting spent in this place.
 E = Time spent auto-exploring this place.
 F = Levels seen in this place.
 G = Mean time per level.
                   A        B        C        D        E       F      G
               +--------+--------+--------+--------+--------+-----+--------+
         Total |   2243 |   2230 |     13 |      0 |   1897 |   3 |  747.7 |
       Dungeon |   2243 |   2230 |     13 |      0 |   1897 |   3 |  747.7 |
               +--------+--------+--------+--------+--------+-----+--------+

Top non-repeatable levels by time:
     D:2: 1276 daAuts
     D:1: 618 daAuts
     D:3: 349 daAuts
